cohdb
Replays
Latest Replays
All Replays
Popular Replays
Top Player Replays
Match Explorer
How It Works
Community
CoH3 Stats
Reddit
Sign in to upload your games and track your stats! →
Sign in with Steam
Match 46971690
Unlisted
Match 46971690
Overview
Messages
Build Orders
End
Construct Barracks
Riflemen Squad
Riflemen Squad
Construct Weapon Support Center
M1919 Machine Gun Team
Selects Heavy Weapons
Bazooka Squad
Construct Medical Station
Selects M2HB .50cal Heavy Machine Gun
Riflemen Squad
Infantry Support Center
Construct Motor Pool
M1 Anti-tank Gun Team
Duffman™
Currahee
Bradders
The101stAirBorne ITA
Konrad Curze
FLOKL
0
0
Comments
sign in to comment!
No comments posted yet!